 Dungeon Crawl Stone Soup version 0.29-a0-1043-g569b05d6ff (webtiles) character file.

Game seed: 6945236130572261013

8143 enile the Thaumaturge (level 11, 0/79 HPs)
             Began as an Octopode Earth Elementalist on Aug 15, 2022.
             Was an Initiate of Yredelemnul.
             Slain by an orc warlord
             ... wielding the +7 great sword of Fragile Peace {vorpal, rN+ Will+ rCorr SInv}
              (9 damage)
             ... in a bailey.
             The game lasted 00:26:38 (13608 turns).

enile the Thaumaturge (OpEE)                       Turns: 13608, Time: 00:26:38

Health: 0/79       AC:  1    Str: 14    XL:     11   Next: 26%
Magic:  23/23      EV: 15    Int: 22    God:    Yredelemnul [......]
Gold:   204        SH:  0    Dex: 12    Spells: 18/26 levels left

rFire   . . .      SeeInvis .   h - +3 rapier (elec)
rCold   . . .      Faith    .   (no shield)
rNeg    + . .      Spirit   .   (helmet restricted)
rPois   .          Reflect  .   (no amulet)
rElec   .          Harm     .   o - +6 ring of strength
rCorr   .          Rampage  .   t - ring of positive energy
Will    .....                   e - ring of flight
Stlth   +++.......              (no ring)
HPRegen 0.23/turn               (no ring)
MPRegen 0.18/turn               (no ring)
                                (no ring)
                                (no ring)

@: flying, hasted, very quick
A: almost no armour, amphibious, 8 rings, camouflage 1, gelatinous body 1,
(nimble swimmer 1), tentacles, robust 1
a: Renounce Religion, Recall Undead Harvest


You were in a bailey.
You worshipped Yredelemnul.
Yredelemnul was noncommittal.
You visited 1 branch of the dungeon, and saw 10 of its levels.
You also visited: Bailey.

You collected 637 gold pieces.
You spent 433 gold pieces at shops.

Inventory:

Hand Weapons
 g - a +0 short sword
 h - a +3 rapier of electrocution (weapon)
 k - a +0 vampiric spear
 m - a +0 rapier
 n - a +4 sling
 r - a +1 dagger of speed
 B - a +0 dagger of freezing
 F - a +0 scimitar
Missiles
 i - an atropa-tipped dart
 p - 4 curare-tipped darts (quivered)
 s - a throwing net
Jewellery
 e - a ring of flight (on tentacle)
 o - a +6 ring of strength (left tentacle)
 t - a ring of positive energy (right tentacle)
Wands
 c - a wand of iceblast (13)
 l - a wand of mindburst (2)
 w - a wand of charming (5)
Scrolls
 b - a scroll of identify
 u - a scroll of magic mapping
 v - 4 scrolls of amnesia
 y - a scroll of silence
 C - a scroll of noise
Potions
 a - a potion of magic
 f - a potion of attraction
 q - a potion of might
 A - 2 potions of haste
 E - 2 potions of degeneration


   Skills:
 + Level 6.0 Fighting
 - Level 6.0 Short Blades
 - Level 2.0 Ranged Weapons
 - Level 2.0 Throwing
 - Level 6.0 Dodging
 - Level 3.0 Stealth
 - Level 8.0 Spellcasting
 - Level 5.0 Conjurations
 - Level 1.0 Transmutations
 - Level 7.0 Earth Magic
 - Level 3.0 Invocations
 - Level 6.0 Evocations


You had 18 spell levels left.
You knew the following spells:

 Your Spells              Type           Power      Damage    Failure   Level
a - Sandblast             Erth           78%        2d17      1%          1
b - Passwall              Tmut/Erth      21%        N/A       2%          2
c - Stone Arrow           Conj/Erth      70%        3d11      1%          3
d - Wereblood             Tmut           13%        N/A       8%          2

Your spell library contained the following spells:

 Spells                   Type           Power      Damage    Failure   Level
 Beastly Appendage        Tmut           26%        N/A       4%          1
 Petrify                  Tmut/Erth      26%        N/A       14%         4
 Spider Form              Tmut/Pois      11%        N/A       19%         3


Dungeon Overview and Level Annotations

Branches:
Dungeon (10/15)            Temple (0/1) D:4          Bailey (1/1)
   Lair: D:8-11         Orc: D:9-12

Altars:
Ashenzari
Elyvilon
Gozag
Hepliaklqana
Makhleb
Nemelex Xobeh
Ru
Uskayaw
Vehumet
Xom
Yredelemnul

Shops:
D:5 :   D:8 [!*[*


Innate Abilities, Weirdness & Mutations

You cannot wear most types of armour.
You are amphibious.
You can wear up to eight rings at the same time.
Your skin changes colour to match your surroundings (Stealth+).
Your rubbery body absorbs attacks. (AC +1, EV +1)
((You are camouflaged when in or above water. (Stealth+)))
You have tentacles for arms and can constrict up to eight enemies at once.
You are robust. (+10% HP)


Message History

Aim: an orc warlord, wielding the +7 great sword of Fragile Peace {vorpal, rN+ Will+ rCorr SInv} and wearing a +0 chain mail (moderately wounded, inner flame)
The mass of ice explodes!
The iceblast engulfs the orc warlord!
Flame seeps out of the orc warlord.
The orc warlord is heavily wounded.
The orc warlord is engulfed in blazing flames.
Flame seeps out of the orc warlord.
Aiming: Iceblast
Press: ? - help, Shift-Dir - straight line, f/p - orc warlord
Aim: an orc warlord, wielding the +7 great sword of Fragile Peace {vorpal, rN+ Will+ rCorr SInv} and wearing a +0 chain mail (flame, heavily wounded, inner flame)
The mass of ice explodes!
The iceblast engulfs the orc warlord!!
Flame seeps out of the orc warlord.
The orc warlord is severely wounded.
The orc warlord is engulfed in blazing flames.
Flame seeps out of the orc warlord.
Aiming: Iceblast
Press: ? - help, Shift-Dir - straight line, f/p - orc warlord
Aim: an orc warlord, wielding the +7 great sword of Fragile Peace {vorpal, rN+ Will+ rCorr SInv} and wearing a +0 chain mail (severely wounded, inner flame)
The mass of ice explodes!
The iceblast engulfs the orc warlord.
Flame seeps out of the orc warlord.
The orc warlord is severely wounded.
You hear a shout!
The orc warlord is engulfed in blazing flames.
Flame seeps out of the orc warlord.
Okay, then.
You hit the orc warlord.
Flame seeps out of the orc warlord.
You grab the orc warlord.
The orc warlord is almost dead.
You constrict the orc warlord.
Flame seeps out of the orc warlord.
The orc warlord is engulfed in blazing flames.
Flame seeps out of the orc warlord.
The orc warlord hits you with the +7 great sword of Fragile Peace {vorpal, rN+ Will+ rCorr SInv}!!!
Okay, then.
You feel yourself speed up.
You constrict the orc warlord.
Flame seeps out of the orc warlord.
The orc warlord is engulfed in blazing flames.
Flame seeps out of the orc warlord.
The orc warlord hits you with the +7 great sword of Fragile Peace {vorpal, rN+ Will+ rCorr SInv}!!
* * * LOW HITPOINT WARNING * * *
You die...
Your body rises from the dead as a mindless zombie.

♣♣ ♣♣♣
♣♣♣.♣♣♣.♣♣
♣♣.♣..)...♣♣
♣..........♣
♣.....∩.)..♣♣
♣......@)...♣
♣♣....∩o...♣♣
♣♣....°...♣
♣....☼§.♣♣
♣##'§)##♣
##..§§§##
#.......#
##.......##
#.........#


You could see an orc warlord (inner flame).

Vanquished Creatures
  Pikel (D:7)
  A cyclops (D:9)
  Joseph (D:7)
  A kobold demonologist (D:9)
  A hornet (D:10)
  3 steam dragons
  9 orc warriors (Bailey)
  2 sky beasts (D:8)
  2 ice beasts
  3 ogres (D:5)
  2 centaurs
  A spectral human (D:7)
  A lemure (D:7)
  2 phantoms
  2 kobold brigands (D:7)
  A bullfrog (D:7)
  A necrophage (D:7)
  5 scorpions
  2 gnoll sergeants
  A wight (D:8)
  6 killer bees
  2 howler monkeys
  6 hounds
  Crazy Yiuf (D:7)
  2 orc priests
  4 jellies
  A gnoll bouda (D:8)
  Jessica (D:3)
  4 iguanas
  3 orc wizards
  2 scorpion zombies
  2 spectral killer bees (D:7)
  22 gnolls
  7 adders
  A shadow imp (D:6)
  A white imp (D:6)
  2 ufetubi
  A worm (D:4)
  14 orcs
  5 ball pythons
  2 bats
  2 endoplasms
  6 giant cockroaches
  9 goblins
  9 hobgoblins
  19 kobolds
  7 quokkas
  3 frilled lizards
  3 rats (D:2)
189 creatures vanquished.

Vanquished Creatures (collateral kills)
  Gastronok (D:8)
  Prince Ribbit (D:7)
  An ice beast (D:8)
  A sky beast (D:8)
  3 orc warriors (Bailey)
  A lemure (D:7)
  A necrophage (D:5)
  A bullfrog (D:7)
  4 killer bees (D:8)
  2 howler monkeys (D:8)
  A jelly (D:8)
  A gnoll bouda (D:6)
  A hound (D:4)
  An orc priest (D:9)
  An iguana (D:5)
  5 gnolls
  An adder (D:2)
  A dart slug (D:2)
  5 orcs
  A goblin (Bailey)
  2 kobolds
  A bush (D:6)
37 creatures vanquished.

Vanquished Creatures (others)
  An orc warrior (Bailey)
  A bullfrog zombie (D:7)
  2 scorpion zombies
  A spectral gnoll (D:7)
  4 killer bee zombies
  2 sky beast zombies (D:8)
  An ice beast zombie (D:6)
  A hound zombie (D:5)
  A howler monkey zombie (D:8)
  A steam dragon zombie (D:8)
  2 iguana zombies
  2 adder zombies
  5 gnoll zombies
  A hobgoblin (D:4)
  A ball python zombie (D:2)
  An endoplasm zombie (D:2)
  2 frilled lizard zombies
  A giant cockroach zombie (D:3)
  4 goblin zombies (Bailey)
  2 hobgoblin zombies (Bailey)
  A human zombie (D:3)
  9 orc zombies
  2 quokka zombies
  A spectral ufetubus (D:5)
  A fungus (D:7)
50 creatures vanquished.

Grand Total: 276 creatures vanquished

Notes
Turn   | Place    | Note
-------+----------+-------------------------------------------
     0 | D:1      | enile the Octopode Earth Elementalist began the quest for
                  | the Orb.
     0 | D:1      | Reached XP level 1. HP: 11/11 MP: 3/3
   133 | D:1      | Reached skill level 1 in Fighting
   199 | D:1      | Reached XP level 2. HP: 18/18 MP: 3/5
   744 | D:2      | You fall into a shaft and drop 2 floors!
  1201 | D:3      | Reached XP level 3. HP: 25/25 MP: 4/6
  1204 | D:3      | Learned a level 2 spell: Passwall
  1301 | D:3      | Found a faded altar of an unknown god.
  1316 | D:3      | Prayed at the altar of an unknown god.
  1316 | D:3      | Became a worshipper of Yredelemnul the Dark
  1316 | D:3      | Reached * piety under Yredelemnul
  1461 | D:3      | Noticed Jessica
  1462 | D:3      | Killed Jessica
  1463 | D:3      | Reached skill level 1 in Invocations
  1558 | D:3      | Your ally Jessica died
  1561 | D:3      | Reached XP level 4. HP: 28/31 MP: 5/7
  2596 | D:2      | Reached XP level 5. HP: 4/36 MP: 8/8
  2843 | D:2      | Reached skill level 1 in Ranged Weapons
  3317 | D:4      | Reached XP level 6. HP: 32/42 MP: 6/9
  3632 | D:4      | Reached ** piety under Yredelemnul
  3722 | D:4      | Found a white marble altar of Elyvilon.
  3853 | D:4      | Reached skill level 5 in Earth Magic
  3890 | D:4      | Found a burning altar of Makhleb.
  4159 | D:4      | Found a staircase to the Ecumenical Temple.
  4207 | D:5      | Entered Level 5 of the Dungeon
  4422 | D:5      | Reached skill level 3 in Spellcasting
  4422 | D:5      | Reached XP level 7. HP: 20/46 MP: 4/11
  5152 | D:5      | Found a hide-covered altar of Uskayaw.
  5231 | D:5      | Reached skill level 4 in Spellcasting
  5550 | D:5      | Found Pawoocac's Self-Improvement Boutique.
  5657 | D:5      | Reached skill level 5 in Fighting
  5657 | D:5      | Reached skill level 1 in Evocations
  5657 | D:5      | Reached XP level 8. HP: 29/55 MP: 14/14
  5899 | D:4      | Reached skill level 1 in Conjurations
  6349 | D:5      | Reached skill level 1 in Throwing
  6353 | D:5      | Learned a level 3 spell: Stone Arrow
  6918 | D:6      | Reached XP level 9. HP: 30/61 MP: 2/15
  7150 | D:6      | Learned a level 2 spell: Wereblood
  7254 | D:6      | Found an opulent altar of Gozag.
  7492 | D:7      | Found a sparkling altar of Nemelex Xobeh.
  7768 | D:7      | Found a sacrificial altar of Ru.
  7770 | D:7      | Found a radiant altar of Vehumet.
  7773 | D:7      | Found a broken altar of Ashenzari.
  7816 | D:7      | Reached skill level 5 in Spellcasting
  7869 | D:7      | Found a hazy altar of Hepliaklqana.
  8178 | D:7      | Noticed Joseph
  8186 | D:7      | Killed Joseph
  8187 | D:7      | Reached skill level 6 in Spellcasting
  8332 | D:7      | Noticed Pikel
  8348 | D:7      | Killed Pikel
  8349 | D:7      | Reached skill level 5 in Conjurations
  8920 | D:7      | Reached XP level 10. HP: 10/66 MP: 1/19
  9251 | D:7      | Noticed Prince Ribbit
  9262 | D:7      | Killed Prince Ribbit
  9355 | D:7      | Reached skill level 7 in Spellcasting
  9610 | D:7      | Found a runed translucent door.
  9611 | D:7      | Noticed Crazy Yiuf
  9988 | D:7      | Gained mutation: You are dopey. (Int -2) [potion of
                  | mutation]
  9988 | D:7      | Gained mutation: You expend magic power (3 MP) to
                  | strengthen your wands. [potion of mutation]
  9994 | D:7      | Killed Crazy Yiuf
 10187 | D:8      | Found Humuamp's General Store.
 10812 | D:8      | Bought a potion of degeneration for 11 gold pieces
 10812 | D:8      | Bought a +2 rapier of electrocution for 242 gold pieces
 10850 | D:8      | Reached skill level 8 in Spellcasting
 11143 | D:8      | Found Juveqari's Antique Armour Shop.
 11151 | D:8      | Noticed Gastronok
 11164 | D:8      | Killed Gastronok
 11165 | D:8      | Reached skill level 5 in Dodging
 11301 | D:8      | Reached *** piety under Yredelemnul
 11592 | D:8      | Found Puom's Distillery.
 11596 | D:8      | Found Ziacenaw's Antique Armour Shoppe.
 11601 | D:8      | Bought a potion of might for 60 gold pieces
 11601 | D:8      | Bought a potion of mutation for 120 gold pieces
 11601 | D:8      | Lost mutation: You are dopey. (Int -2) [potion of mutation]
 11601 | D:8      | Lost mutation: You expend magic power (3 MP) to strengthen
                  | your wands. [potion of mutation]
 11601 | D:8      | Gained mutation: You are robust. (+10% HP) [potion of
                  | mutation]
 11668 | D:8      | Found Meefifi's Assorted Antiques.
 11867 | D:9      | Noticed a cyclops
 11877 | D:9      | Killed a cyclops
 11878 | D:9      | Reached skill level 5 in Evocations
 12115 | D:9      | Found a shimmering altar of Xom.
 12120 | D:9      | Noticed a kobold demonologist
 12124 | D:9      | Noticed a sun demon
 12140 | D:9      | HP: 3/72 [sun demon[a kobold demonologist] (16)]
 12141 | D:10     | Entered Level 10 of the Dungeon
 12149 | D:10     | Reached XP level 11. HP: 5/78 MP: 23/23
 12518 | D:9      | Found a flagged portal.
 12524 | Bailey   | Entered a bailey
 13597 | Bailey   | Identified the +7 great sword of Fragile Peace {vorpal, rN+
                  | Will+ rCorr SInv}
 13597 | Bailey   | Noticed an orc warlord
 13608 | Bailey   | Slain by an orc warlord

Illustrated notes

Levels and vault maps discovered:
D:1:      scummos_arrival_simple_crosswalls, layout_basic, minivault_19
D:2:      layout_rooms
D:3:      layout_basic, hellmonk_ecumenical_altar_arch_garden, uniq_jessica
D:4:      layout_loops_ring, elyvilon_altar_4, mainiacjoe_overflow_paths,
          minmay_temple_entry_fiery, dk_noncrumbling_4,
          kennysheep_generic_room_14
D:5:      wad_crossroads, layout_loops_ring, nicolae_uskayaw_dance_hall,
          nicolae_shop_self_help
D:6:      layout_cave_pools, mainiacjoe_overflow_chevrons, serial_park,
          serial_park_gazebo [serial_park_minivault_5x5_5], serial_park_square2
D:7:      layout_basic, lemuel_round_altar,
          mainiacjoe_overflow_concentric_impassable, grunt_temple_overflow_open,
          uniq_prince_ribbit1, uniq_pikel, uniq_crazy_yiuf_cottage, uniq_joseph
D:8:      layout_basic, serial_shops, nicolae_stop_n_shop_2,
          nicolae_take_the_stairs, nicolae_shop_window_shopping, shop,
          nicolae_diamond_shop, hangedman_misty_isle, uniq_gastronok
D:9:      layout_basic, mainiacjoe_overflow_tiny_flanked, enter_bailey_3
D:10:     layout_layer_cave, tgw_kikubaaqudgha, mainiacjoe_overflow_alcove_4,
          kennysheep_slug_shrine, hive_lemuel
Bailey:   bailey_axe_minmay_hex_keep, bailey

Skill      XL: |  1  2  3  4  5  6  7  8  9 10 11 |
---------------+----------------------------------+-----
Fighting       | 1 2 3 5 6 |  6.0
Stealth        | 3 |  3.0
Invocations    | 1 3 |  3.0
Ranged Weapons | 2 |  2.0
Earth Magic    | 4 5 6 7 |  7.0
Spellcasting   | 3 4 6 8 |  8.0
Evocations     | 1 4 5 6 |  6.0
Conjurations   | 4 5 |  5.0
Throwing       | 2 |  2.0
Dodging        | 3 4 6 |  6.0
Short Blades   | 4 6 |  6.0
Transmutations | |  1.0

Action                   |  1- 3 |  4- 6 |  7- 9 | 10-12 || total
-------------------------+-------+-------+-------+-------++-------
Melee: Short sword       |    16 |       |       |       ||    16
       Constrict         |     6 |    11 |    18 |    21 ||    56
       Tentacles         |     6 |     6 |    23 |    26 ||    61
       Unarmed           |     2 |       |       |       ||     2
       Rapier            |       |     3 |       |    71 ||    74
       Dagger            |       |    37 |    45 |    33 ||   115
       Spear             |       |       |    86 |       ||    86
       Punch             |       |       |     3 |     2 ||     5
 Fire: Sling             |       |    51 |    28 |       ||    79
Throw: Dart              |       |       |     7 |    11 ||    18
       Throwing net      |       |       |       |     3 ||     3
 Cast: Sandblast         |    23 |    38 |    23 |    10 ||    94
       Stone Arrow       |       |       |    31 |    57 ||    88
Invok: Dark Bargain      |       |       |       |     1 ||     1
Evoke: Wand              |       |       |    10 |    19 ||    29
  Use: Scroll            |     2 |     7 |     9 |     7 ||    25
       Potion            |     1 |     3 |     4 |    10 ||    18
 Stab: Sleeping          |     3 |     2 |     4 |       ||     9
       Distracted        |       |       |     1 |       ||     1
Armor: Skin              |     2 |     4 |     4 |     5 ||    15
Dodge: Dodged            |    14 |    71 |   101 |   114 ||   300

Table legend: (Time is in decaauts)
 A = Elapsed time spent in this place.
 B = Non-inter-level travel time spent in this place.
 C = Inter-level travel time spent in this place.
 D = Time resting spent in this place.
 E = Time spent auto-exploring this place.
 F = Levels seen in this place.
 G = Mean time per level.
                   A        B        C        D        E       F      G
               +--------+--------+--------+--------+--------+-----+--------+
         Total |  13691 |  13187 |    504 |   1208 |  10083 |  11 | 1244.6 |
       Dungeon |  12625 |  12121 |    504 |   1194 |   9193 |  10 | 1262.5 |
        Bailey |   1066 |   1066 |      0 |     14 |    890 |   1 | 1066.0 |
               +--------+--------+--------+--------+--------+-----+--------+

Top non-repeatable levels by time:
     D:7: 3067 daAuts
     D:4: 2048 daAuts
     D:3: 1774 daAuts
     D:5: 1679 daAuts
     D:8: 1123 daAuts
  Bailey: 1066 daAuts
     D:6: 836 daAuts
     D:1: 747 daAuts
     D:2: 671 daAuts
     D:9: 342 daAuts
    D:10: 333 daAuts
